 Dungeon Crawl Stone Soup version 0.30-a0-748-ge6a52f7cba (webtiles) character file.

Game seed: 2373371000355404905

63 scionoferis the Ducker (level 3, -1/28 HPs)
             Began as a Demigod Hexslinger on Feb 8, 2023.
             Slain by a gnoll
             ... wielding a +0 spear
              (4 damage)
             ... on level 2 of the Dungeon.
             The game lasted 00:03:49 (1568 turns).

scionoferis the Ducker (Demigod Hexslinger)         Turns: 1568, Time: 00:03:49

Health: -1/28      AC:  2    Str: 11    XL:     3   Next: 61%
Magic:  6/6        EV: 13    Int: 15    God:
Gold:   72         SH:  0    Dex: 18    Spells: 3/4 levels left

rFire   . . .      SeeInvis .    a - +0 short sword
rCold   . . .      Faith    .    (no shield)
rNeg    . . .      Spirit   .    c - +0 robe
rPois   .          Reflect  .    (no helmet)
rElec   .          Harm     .    (no cloak)
rCorr   .          Rampage  .    (no gloves)
Will    .....                    (no boots)
Stlth   ++                       (no amulet)
HPRegen 0.24/turn                (no ring)
MPRegen 0.10/turn                (no ring)

@: no status effects
A: high MP 1, forlorn, divine attributes
a: no special abilities


You were on level 2 of the Dungeon.
You visited 1 branch of the dungeon, and saw 2 of its levels.

You collected 72 gold pieces.


Innate Abilities, Weirdness & Mutations

You have an increased reservoir of magic. (+10% MP)
You shall have no god before yourself.
Your divine heritage dramatically boosts your attributes as you level up.


   Skills:
 + Level 1.6 Fighting
 * Level 1.1 Long Blades
 - Level 1.7 Ranged Weapons
 * Level 2.8 Dodging
 + Level 1.3 Stealth
 - Level 1.0 Spellcasting
 - Level 2.6 Hexes


You had 3 spell levels left.
You knew the following spells:

 Your Spells              Type           Power      Damage    Failure   Level
a - Slow                  Hex            32%        N/A       9%          1

Your spell library contained the following spells:

 Spells                   Type           Power      Damage    Failure   Level
 Apportation              Tloc           0%         N/A       24%         1
 Necrotise                Necr           0%         1d4       24%         1
 Summon Small Mammal      Summ           0%         N/A       24%         1
 Static Discharge         Conj/Air       0%         2-2/arc   36%         2
 Inner Flame              Hex/Fire       4%         N/A       38%         3
 Portal Projectile        Hex/Tloc       8%         N/A       38%         3
 Gell's Gravitas          Tloc           0%         N/A       58%         3
 Teleport Other           Tloc           0%         N/A       58%         3
 Vhi's Electric Charge    Tloc/Air       0%         N/A       58%         3
 Cause Fear               Hex            4%         N/A       63%         4
 Arcjolt                  Conj/Air       0%         1d10      100%        5
 Lightning Bolt           Conj/Air       0%         1d11      100%        5
 Dispersal                Tloc           0%         N/A       100%        6

Inventory:

Hand Weapons
 a - a +0 short sword (weapon)
   (You took it off a kobold on level 2 of the Dungeon)
 b - a +1 sling
Missiles
 l - 3 silver javelins
Armour
 c - a +0 robe (worn)
Magical Staves
 j - a staff of poison
   (You found it on level 2 of the Dungeon)
Scrolls
 d - a scroll of identify {unknown}
 f - a scroll of noise {unknown}
 h - a scroll of fog {unknown}
 m - 2 scrolls of teleportation {unknown}
 n - 3 scrolls of poison
 o - a scroll of vulnerability {unknown}
Potions
 e - a potion of flight {unknown}
 g - a potion of curing {unknown}
 i - a potion of cancellation {unknown}
 k - a potion of might {unknown}
 p - a potion of brilliance {unknown}

Dungeon Overview and Level Annotations

Branches:
Dungeon (2/15)

##.##.#######.#####.
#.##...............
#.##########.#####.
#..# ### #. ##.#
######## #. #.#
#>.....# #. #.#
#......# #. #.#
#......# #) #@#
#......# #. #g#
#......#### #.#
#......##.. #.#
#......##.# #.#
##.#.#### # #.#
####.#.# #
#.####....### #
#......###########
..#####
#.........##...รท..


You could see a gnoll.


Message History

Welcome, scionoferis the Demigod Hexslinger.
Below lies the Orb of Zot, rumoured to be powerful enough to resurrect a god...
Press ? for a list of commands and other information.
Found two stairs.
A ball python comes into view.
The ball python hisses angrily.
You shoot a sling bullet. The sling bullet hits the ball python.
The ball python is severely wounded.
You shoot a sling bullet.
The sling bullet closely misses the ball python.
You shoot a sling bullet.
The sling bullet closely misses the ball python.
You shoot a sling bullet.
The sling bullet barely misses the ball python.
The ball python bites you. The ball python misses you.
The ball python bites you but does no damage.
The ball python barely misses you.
You shoot a sling bullet.
The sling bullet hits the ball python but does no damage.
The ball python is moderately wounded.
The ball python misses you. The ball python closely misses you.
You shoot a sling bullet.
The sling bullet closely misses the ball python.
The ball python barely misses you. The ball python closely misses you. x3
You shoot a sling bullet. The sling bullet hits the ball python.
You kill the ball python!
No target in view!
HP restored.
Found a club.
A kobold comes into view. It is wielding a +0 whip.
The kobold shouts!
You shoot a sling bullet.
The sling bullet closely misses the kobold.
The kobold throws a stone.
The stone barely misses you.
You shoot a sling bullet.
The sling bullet closely misses the kobold.
The kobold throws a stone.
The stone hits you but does no damage.
You shoot a sling bullet. The sling bullet hits the kobold.
The kobold is moderately wounded.
The kobold throws a stone.
The stone misses you.
You shoot a sling bullet. The sling bullet hits the kobold.
You kill the kobold!
No target in view!
No target in view!
You open the door.
There is an open door here.
You open the door.
There is an open door here.
You pick up a book of Cantrips and begin reading...
You add the spells Necrotise, Summon Small Mammal and Apportation to your library.
Found a stone staircase leading down.
A goblin comes into view. It is wielding a +0 club.
The goblin shouts!
You shoot a sling bullet.
The sling bullet barely misses the goblin.
You shoot a sling bullet.
The sling bullet barely misses the goblin.
The goblin closely misses you. x2
You shoot a sling bullet. The sling bullet hits the goblin.
The goblin is moderately wounded.
The goblin hits you with a +0 club.
You shoot a sling bullet.
The sling bullet barely misses the goblin.
The goblin hits you with a +0 club.
You shoot a sling bullet.
The sling bullet closely misses the goblin.
The goblin hits you but does no damage. The goblin hits you with a +0 club.
You are too injured to fight recklessly!
You are too injured to fight recklessly!
You are too injured to fight recklessly!
Fire: a) +1 sling
Press: ? - help, Q - select action, (/) - cycle Shift-Dir - straight line, f/p - goblin
Aim: a goblin, wielding a +0 club (moderately wounded, 47% to hit)
You shoot a sling bullet.
The sling bullet barely misses the goblin.
The goblin barely misses you.
Fire: a) +1 sling
Press: ? - help, Q - select action, (/) - cycle Shift-Dir - straight line, f/p - goblin
Aim: a goblin, wielding a +0 club (moderately wounded, 47% to hit)
You shoot a sling bullet.
The sling bullet barely misses the goblin.
The goblin closely misses you.
Fire: a) +1 sling
Press: ? - help, Q - select action, (/) - cycle Shift-Dir - straight line, f/p - goblin
Aim: a goblin, wielding a +0 club (moderately wounded, 47% to hit)
You shoot a sling bullet.
The sling bullet hits the goblin but does no damage.
The goblin is moderately wounded.
The goblin barely misses you. The goblin hits you with a +0 club.
Fire: a) +1 sling
Press: ? - help, Q - select action, (/) - cycle Shift-Dir - straight line, f/p - goblin
Aim: a goblin, wielding a +0 club (moderately wounded, 47% to hit)
You shoot a sling bullet. The sling bullet hits the goblin.
The goblin is severely wounded.
The goblin hits you with a +0 club.
* * * LOW HITPOINT WARNING * * *
Casting: Slow (safe; 9% risk of failure)
Confirm with . or Enter, or press ? or * to list all spells.
Aiming: Slow (safe; 9% risk of failure)
Press: ? - help, Shift-Dir - straight line, f/p - goblin
Aim: a goblin, wielding a +0 club (severely wounded, chance to affect: 59%)
The goblin resists with significant effort.
The goblin closely misses you.
Fire: a) +1 sling
Press: ? - help, Q - select action, (/) - cycle Shift-Dir - straight line, f/p - goblin
Aim: a goblin, wielding a +0 club (severely wounded, 47% to hit)
You shoot a sling bullet. The sling bullet hits the goblin.
You kill the goblin!
Your Fighting skill increases to level 1!
You start resting.
Magic restored.
HP restored.
You see here a +0 club.
You see here a +0 club.
An endoplasm comes into view.
The endoplasm quivers.
You shoot a sling bullet. The sling bullet hits the endoplasm.
The endoplasm is severely wounded.
You shoot a sling bullet.
The sling bullet hits the endoplasm but does no damage.
The endoplasm is severely wounded.
You shoot a sling bullet. The sling bullet hits the endoplasm.
You kill the endoplasm!
Your Dodging skill increases to level 2!
No target in view!
No target in view!
b - 2 scrolls of poison (gained 1)
You open the door.
A ball python comes into view.
There is an open door here.
You shoot a sling bullet.
The sling bullet closely misses the ball python.
You shoot a sling bullet. The sling bullet hits the ball python.
The ball python is severely wounded.
You shoot a sling bullet. The sling bullet hits the ball python!
You kill the ball python!
No target in view!
No target in view!
No target in view!
d - a scroll labelled WAHACU LAEPS You open the door.
There is an open door here.
A hobgoblin comes into view.
A hobgoblin is nearby!
You shoot a sling bullet. The sling bullet hits the hobgoblin!
You kill the hobgoblin!
No target in view!
No target in view!
A hobgoblin comes into view.
Found 3 stones.
You shoot a sling bullet.
The sling bullet hits the hobgoblin but does no damage.
The hobgoblin shouts!
You shoot a sling bullet.
The sling bullet hits the hobgoblin but does no damage.
You shoot a sling bullet. The sling bullet hits the hobgoblin.
The hobgoblin is heavily wounded.
You shoot a sling bullet.
The sling bullet closely misses the hobgoblin.
You shoot a sling bullet.
The sling bullet barely misses the hobgoblin.
The hobgoblin hits you.
You shoot a sling bullet. The sling bullet hits the hobgoblin.
The hobgoblin is heavily wounded.
The hobgoblin closely misses you.
You shoot a sling bullet. The sling bullet hits the hobgoblin!
You kill the hobgoblin!
No target in view!
You open the door.
Found a stone staircase leading down.
A bat and a goblin come into view.
Found a leather armour.
There is an open door here.
You shoot a sling bullet. The sling bullet hits the goblin.
The goblin shouts!
The goblin is heavily wounded.
The bat hits you. The bat barely misses you.
You shoot a sling bullet. The sling bullet hits the bat.
The bat is moderately wounded.
The bat barely misses you. x2
You shoot a sling bullet. The sling bullet hits the bat.
You kill the bat!
The goblin barely misses you.
You shoot a sling bullet.
The sling bullet closely misses the goblin.
The goblin hits you with a +0 club.
You shoot a sling bullet.
The sling bullet closely misses the goblin.
The goblin hits you with a +0 club.
You shoot a sling bullet.
The sling bullet closely misses the goblin.
The goblin completely misses you. The goblin closely misses you.
You shoot a sling bullet.
The sling bullet closely misses the goblin.
The goblin barely misses you.
You shoot a sling bullet. The sling bullet hits the goblin.
You kill the goblin!
No target in view!
Things that are here:
a +0 club; a goblin corpse; a bat corpse
There is an open door here.
There is a stone staircase leading down here.
e - a lumpy green potion As you open the door, it creaks loudly!
There is an open door here.
There is an open door here.
A bat comes into view.
You shoot a sling bullet.
The sling bullet hits the bat but does no damage.
You shoot a sling bullet. The sling bullet hits the bat.
You kill the bat!
You have reached level 2!
You now have 12 gold pieces.
b - 3 scrolls of poison (gained 1)
f - a scroll labelled HOMOGOGR IKHLEP A quokka comes into view.
A quokka is nearby!
You shoot a sling bullet. The sling bullet hits the quokka!
You kill the quokka!
A hobgoblin comes into view.
You shoot a sling bullet. The sling bullet hits the hobgoblin.
You kill the hobgoblin!
No target in view!
No target in view!
No target in view!
A bat comes into view.
You shoot a sling bullet. The sling bullet hits the bat.
The bat is heavily wounded.
You shoot a sling bullet.
The sling bullet closely misses the bat.
The bat hits you but does no damage.
You shoot a sling bullet. The sling bullet hits the bat.
You kill the bat!
No target in view!
No target in view!
You see here a bat corpse.
Found a sling.
Found 3 stones.
g - a ruby potion A quokka comes into view.
Found 7 gold pieces.
You see here 3 stones.
A quokka is nearby!
You shoot a sling bullet. The sling bullet hits the quokka.
The quokka is heavily wounded.
You shoot a sling bullet.
The sling bullet closely misses the quokka.
The quokka twitches its whiskers.
You shoot a sling bullet.
The sling bullet closely misses the quokka.
You shoot a sling bullet. The sling bullet hits the quokka.
You kill the quokka!
No target in view!
No target in view!
You now have 19 gold pieces (gained 7).
You now have 25 gold pieces (gained 6).
Found a leather armour.
You open the door.
There is an open door here.
There is an open door here.
An endoplasm comes into view.
You shoot a sling bullet. The sling bullet hits the endoplasm.
The endoplasm quivers.
The endoplasm is lightly wounded.
You shoot a sling bullet. The sling bullet hits the endoplasm.
The endoplasm is moderately wounded.
You shoot a sling bullet. The sling bullet hits the endoplasm.
You kill the endoplasm!
No target in view!
No target in view!
Done exploring.
There is a stone staircase leading down here.
Unknown command.
Search for what [? for help]? d: Unknown command.
You climb downwards.
There is a stone staircase leading up here.
You shoot a sling bullet. The sling bullet hits the bat.
You kill the bat!
No target in view!
No target in view!
There is a stone staircase leading up here.
You pick up a There-And-Back Book and begin reading...
You add the spells Gell's Gravitas, Teleport Other and Dispersal to your library.
Found a stone staircase leading up.
Found a stone staircase leading down.
h - a scroll labelled TAISTRA GAJOUG
There is a stone staircase leading up here.
There is a stone staircase leading down here.
You now have 39 gold pieces (gained 14).
You see here a staff of poison.
i - a metallic golden potion Search for what [Enter for "d:", or ? for help]? staff You see here a staff of poison.
j - a staff of poison
Found 3 silver javelins.
Found a stone staircase leading down.
Found a gold piece.
k - a green potion You see here 3 silver javelins.
l - 3 silver javelins You now have 40 gold pieces (gained 1).
Found a leather armour. 2 gnolls come into view.
The gnoll shouts!
You hear a shout!
A gnoll comes into view. It is wielding a +0 flail.
You shoot a sling bullet.
The sling bullet barely misses the gnoll.
The sling bullet hits the gnoll but does no damage.
You shoot a sling bullet.
The sling bullet closely misses the gnoll. x2
The sling bullet hits the gnoll.
The gnoll is lightly wounded.
You shoot a sling bullet.
The sling bullet barely misses the gnoll.
The sling bullet closely misses the gnoll.
The sling bullet hits the gnoll.
The gnoll is heavily wounded.
The gnoll hits you from afar with a +0 spear.
You shoot a sling bullet.
The sling bullet closely misses the gnoll.
The sling bullet hits the gnoll.
The gnoll is lightly wounded.
The gnoll hits you from afar with a +0 spear.
You are too injured to fight recklessly!
There is a stone staircase leading down here.
There is a stone staircase leading up here.
You climb upwards.
There is a stone staircase leading down here.
HP restored.
There is a stone staircase leading down here.
You start waiting.
Done waiting.
You climb downwards.
There is a stone staircase leading up here.
m - a scroll labelled YPAXIA ASOATIS You open the gate. 3 kobolds come into view.
Found a book of Lightning and 12 gold pieces.
The kobold shouts!
You hear a shout! x2
A kobold comes into view. It is wielding a +0 club.
The kobold throws a stone.
The stone barely misses you.
The kobold throws a stone.
The stone hits you but does no damage.
You shoot a sling bullet. The sling bullet hits the kobold.
The kobold is heavily wounded.
You shoot a sling bullet.
The sling bullet closely misses the kobold.
You shoot a sling bullet. The sling bullet hits the kobold.
You kill the kobold!
The kobold throws a stone.
The stone completely misses you.
You shoot a sling bullet. The kobold shouts!
The sling bullet hits the kobold.
You kill the kobold!
You hear a shout!
Your Stealth skill increases to level 1!
You shoot a sling bullet.
The sling bullet barely misses the kobold.
The kobold throws a stone.
The stone misses you.
You shoot a sling bullet. The sling bullet hits the kobold.
You kill the kobold!
You shoot a sling bullet. The sling bullet hits the kobold!
You kill the kobold!
No target in view!
No target in view!
Things that are here:
a +0 club; a kobold corpse
Things that are here:
a +0 short sword; 3 stones; a kobold corpse
n - a +0 short sword
Things that are here:
a +0 club; 5 stones
Things that are here:
a +0 short sword; 3 stones; a kobold corpse A kobold comes into view.
It is wielding a +0 short sword.
You shoot a sling bullet. The sling bullet hits the kobold.
You kill the kobold!
No target in view!
There is an open gate here.
You pick up a book of Lightning and begin reading...
You add the spells Static Discharge, Vhi's Electric Charge, Lightning Bolt and Arcjolt to your library.
You now have 52 gold pieces (gained 12).
You open the door.
There is an open door here.
A kobold comes into view. It is wielding a +0 whip.
The kobold shouts!
You shoot a sling bullet.
The sling bullet closely misses the kobold.
You shoot a sling bullet.
The sling bullet closely misses the kobold.
You shoot a sling bullet. The sling bullet hits the kobold.
You kill the kobold!
No target in view!
No target in view!
Things that are here:
a +0 whip; a kobold corpse You open the door.
A jelly and 5 endoplasms come into view.
The endoplasm quivers. x2
A nearby fungus withers and dies.
The endoplasm moves out of view.
Found a hobgoblin skeleton.
Things that are here:
a +0 whip; a kobold corpse You shoot a sling bullet.
The sling bullet barely misses the endoplasm. x2
The endoplasm quivers.
You shoot a sling bullet. The sling bullet hits the endoplasm.
You kill the endoplasm!
You shoot a sling bullet. The sling bullet hits the endoplasm.
The endoplasm is severely wounded.
You shoot a sling bullet. The sling bullet hits the endoplasm.
You kill the endoplasm!
You shoot a sling bullet. The sling bullet hits the endoplasm.
The endoplasm is moderately wounded.
You shoot a sling bullet. The sling bullet hits the endoplasm.
The endoplasm is heavily wounded.
The endoplasm freezes you.
You are frozen.
You shoot a sling bullet. The sling bullet hits the endoplasm.
You kill the endoplasm!
You start resting.
HP restored.
Things that are here:
a +0 whip; a kobold corpse You shoot a sling bullet.
The sling bullet hits the endoplasm.
You kill the endoplasm!
A jelly comes into view.
Things that are here:
a +0 whip; a kobold corpse You shoot a sling bullet.
The sling bullet hits the jelly.
The jelly is moderately wounded.
You shoot a sling bullet. The sling bullet hits the jelly!
The jelly is almost dead.
You shoot a sling bullet. The sling bullet hits the jelly.
You kill the jelly!
Your Long Blades skill increases to level 1!
You have reached level 3!
Your experience leads to a dramatic increase in your attributes!
Increase (S)trength, (I)ntelligence, or (D)exterity?
You feel agile. x4
Things that are here:
a +0 whip; a kobold corpse 3 endoplasms and a jelly come into view.
Found five items.
The endoplasm quivers.
There is an open door here.
You shoot a sling bullet.
The sling bullet barely misses the jelly.
n - a +0 short sword (weapon)
The jelly hits you.
You are splashed with acid!
You hit the jelly.
Your hands burn!
The jelly is lightly wounded.
The jelly closely misses you.
You are too injured to fight recklessly!
You hit the jelly.
Your hands burn!
The jelly is heavily wounded.
The jelly hits you. The acid corrodes you!
You are splashed with acid.
* * * LOW HITPOINT WARNING * * *
Casting: Slow (safe; 9% risk of failure)
Confirm with . or Enter, or press ? or * to list all spells.
Aiming: Slow (safe; 9% risk of failure)
Press: ? - help, Shift-Dir - straight line, f/p - jelly
Aim: a jelly (heavily wounded, chance to affect: 50%)
The jelly resists with some effort.
The jelly closely misses you.
Casting: Slow (safe; 9% risk of failure)
Confirm with . or Enter, or press ? or * to list all spells.
Aiming: Slow (safe; 9% risk of failure)
Press: ? - help, Shift-Dir - straight line, f/p - jelly
Aim: a jelly (heavily wounded, chance to affect: 50%)
The jelly seems to slow down.
Things that are here:
a +0 whip; a kobold corpse
There is an open door here.
You close the door.
You hear a distant slurping noise.
The door mysteriously vanishes.
You are no longer corroded.
There is an open gate here.
Things that are here:
a +0 short sword; 3 stones; a kobold corpse
Things that are here:
a +0 club; 5 stones
Things that are here:
a +0 club; a kobold corpse
There is a stone staircase leading up here.
You climb upwards.
There is a stone staircase leading down here.
There is an open door here.
You see here a +0 club.
There is an open door here.
There is an open door here.
HP restored.
There is a stone staircase leading down here.
a - a +1 sling (weapon)
Adjust to which letter? (? for menu, Esc to quit)
a - a +0 short sword;
n - a +1 sling (weapon)
Adjust to which letter? (? for menu, Esc to quit)
b - a +1 sling (weapon);
n - 3 scrolls of poison
a - a +0 short sword (weapon)
You climb downwards.
There is a stone staircase leading up here.
A ball python comes into view.
b - a +1 sling (weapon)
You shoot a sling bullet. The sling bullet hits the ball python.
You kill the ball python!
No target in view!
A hobgoblin comes into view.
You see here a scroll labelled HIZIAT WUFUVVI.
You shoot a sling bullet.
The sling bullet hits the hobgoblin but does no damage.
The hobgoblin shouts!
You shoot a sling bullet. The sling bullet hits the hobgoblin.
The hobgoblin is almost dead.
You shoot a sling bullet.
The sling bullet completely misses the hobgoblin.
You shoot a sling bullet.
The sling bullet barely misses the hobgoblin.
You shoot a sling bullet.
The sling bullet closely misses the hobgoblin.
The hobgoblin hits you but does no damage.
You shoot a sling bullet. The sling bullet hits the hobgoblin.
You kill the hobgoblin!
No target in view!
No target in view!
o - a scroll labelled HIZIAT WUFUVVI
Found an escape hatch in the floor.
You see here a ball python corpse.
There is an escape hatch in the floor here.
Found an escape hatch in the ceiling.
Found a stone staircase leading down.
You now have 63 gold pieces (gained 11).
Found a whip.
p - an orange potion
m - 2 scrolls labelled YPAXIA ASOATIS (gained 1)
You now have 72 gold pieces (gained 9).
The gnoll shouts!
You shoot a sling bullet. The sling bullet hits the gnoll.
The gnoll is lightly wounded.
You shoot a sling bullet.
The sling bullet barely misses the gnoll.
The gnoll hits you from afar with a +0 spear.
You shoot a sling bullet. The sling bullet hits the gnoll.
The gnoll is heavily wounded.
The gnoll hits you from afar with a +0 spear.
You shoot a sling bullet.
The sling bullet closely misses the gnoll.
The gnoll hits you from afar with a +0 spear!
You are too injured to fight recklessly!
You are too injured to fight recklessly!
You are too injured to fight recklessly!
a - a +0 short sword (weapon)
The gnoll barely misses you. The gnoll hits you with a +0 spear.
* * * LOW HITPOINT WARNING * * *
You hit the gnoll.
The gnoll is heavily wounded.
The gnoll hits you but does no damage.
You hit the gnoll.
The gnoll is severely wounded.
The gnoll hits you with a +0 spear.
* * * LOW HITPOINT WARNING * * *
You barely miss the gnoll.
The gnoll is severely wounded.
The gnoll hits you with a +0 spear.
You die...

Skill      XL: |  1  2 |
---------------+-------+-----
Fighting       | 1 |  1.6
Dodging        | 2 |  2.8
Stealth        | 1 |  1.3
Long Blades    | 1 |  1.1
Ranged Weapons | |  1.7
Spellcasting   | |  1.0
Hexes          | |  2.6

Action                     || total
---------------------------++-------
  Melee: Short sword       ||     5
   Fire: Sling             ||    96
   Cast: Slow              ||     3
 Armour: Robe              ||     7
  Dodge: Dodged            ||    30

Levels and vault maps discovered:
D:1:      dpeg_arrival_line_fractal, layout_basic
D:2:      cheibrodos_fertilizer, layout_loops_cross

Notes
Turn   | Place    | Note
-------+----------+-------------------------------------------
     0 | D:1      | scionoferis the Demigod Hexslinger began the quest for the
                  | Orb.
     0 | D:1      | Reached XP level 1. HP: 15/15 MP: 4/4
    91 | D:1      | HP: 1/15 [goblin/+0 club (4)]
    94 | D:1      | Reached skill level 1 in Fighting
   248 | D:1      | Reached skill level 2 in Dodging
   472 | D:1      | Reached XP level 2. HP: 23/23 MP: 5/5
  1252 | D:2      | Reached skill level 1 in Stealth
  1317 | D:2      | Reached skill level 1 in Long Blades
  1317 | D:2      | Reached XP level 3. HP: 28/28 MP: 6/6
  1568 | D:2      | Slain by a gnoll

Vanquished Creatures
  A jelly (D:2)
  6 endoplasms (D:1 D:2)
  2 goblins (D:1)
  4 hobgoblins (D:1 D:2)
  2 quokkas (D:1)
  3 ball pythons (D:1 D:2)
  4 bats (D:1 D:2)
  7 kobolds (D:1 D:2)
29 creatures vanquished.

Vanquished Creatures (others)
  9 fungi (D:2)
  5 toadstools (D:2)
14 creatures vanquished.

Grand Total: 43 creatures vanquished

Table legend: (Time is in decaauts)
 A = Elapsed time spent in this place.
 B = Non-inter-level travel time spent in this place.
 C = Inter-level travel time spent in this place.
 D = Time resting spent in this place.
 E = Time spent auto-exploring this place.
 F = Levels seen in this place.
 G = Mean time per level.
                   A        B        C        D        E       F      G
               +--------+--------+--------+--------+--------+-----+--------+
         Total |   1596 |   1463 |    133 |    111 |   1024 |   2 |  798.0 |
       Dungeon |   1596 |   1463 |    133 |    111 |   1024 |   2 |  798.0 |
               +--------+--------+--------+--------+--------+-----+--------+

Top non-repeatable levels by time:
     D:1: 1115 daAuts
     D:2: 481 daAuts

Table legend:
 A = Non-vault XP
 B = Vault XP
 C = Vault XP percentage of total XP
 D = Non-vault monster count
 E = Vault monster count
 F = Vault count percentage of total count
                 A         B        C        D         E       F
            +---------+---------+-------+---------+---------+-------
      Total |      31 |      59 |  65.6 |      18 |      11 |  37.9
            +---------+---------+-------+---------+---------+-------
        D:1 |      26 |       0 |   0.0 |      15 |       0 |   0.0
        D:2 |       5 |      59 |  92.2 |       3 |      11 |  78.6
            +---------+---------+-------+---------+---------+-------
